 Dungeon Crawl Stone Soup version 0.22.0-21-g8bd1b0a (webtiles) character file.

161 chonchonts the Covert (level 5, -5/25 HPs)
             Began as a Spriggan Assassin on Aug 19, 2018.
             Slain by an iguana (13 damage)
             ... on level 4 of the Dungeon.
             The game lasted 00:14:03 (4071 turns).

chonchonts the Covert (Spriggan Assassin)           Turns: 4071, Time: 00:14:03

Health: -5/25      AC:  4    Str:  8    XL:     5   Next: 18%
Magic:  7/7        EV: 18    Int: 13    God:
Gold:   206        SH:  0    Dex: 17    Spells: 3/6 levels left

rFire    + . .     SeeInvis +   b - +0 blowgun
rCold    . . .     Gourm    .   (shield restricted)
rNeg     . . .     Faith    +   c - +1 robe
rPois    .         Spirit   .   (helmet restricted)
rElec    .         Reflect  .   v - +0 cloak (curse)
rCorr    .         Harm     .   (gloves unavailable)
MR       .....                  (boots unavailable)
Stlth    ++++......             q - amulet of faith
HPRegen  0.08/turn              i - ring of protection from fire
MPRegen  0.10/turn              (no ring)

@: very quick
A: very small, unfitting armour, see invisible, herbivore, speed 3, slow
metabolism 2
a: no special abilities


You were on level 4 of the Dungeon.
You were hungry.

You visited 1 branch of the dungeon, and saw 4 of its levels.

You collected 206 gold pieces.

Inventory:

Hand Weapons
 a - a +2 dagger
 b - a +0 blowgun (weapon)
Missiles
 e - 20 poisoned needles (quivered)
 f - a curare-tipped needle
 h - 5 needles of confusion
Armour
 c - a +1 robe (worn)
 v - a cursed +0 cloak (worn)
Jewellery
 i - a ring of protection from fire (left hand)
 q - an amulet of faith (around neck)
 u - a +3 ring of intelligence
Wands
 d - a wand of enslavement (12)
Scrolls
 j - a scroll of amnesia {unknown}
 o - a scroll of blinking
 p - a scroll of magic mapping
 s - a scroll of identify
Potions
 n - a potion of might {unknown}
Comestibles
 g - 9 rations


   Skills:
 - Level 1.5 Fighting
 - Level 2.8 Short Blades
 - Level 2.0 Throwing
 - Level 2.8 Dodging
 + Level 8.8 Stealth
 + Level 1.1 Spellcasting
 + Level 1.1 Hexes


You had 3 spell levels left.
You knew the following spells:

 Your Spells              Type           Power        Failure   Level  Hunger
a - Confuse               Hex            #.......     47%         3    ####...

Your spell library contained the following spells:

 Spells                   Type           Power        Failure   Level  Hunger
 Corona                   Hex            #......      19%         1    ##.....
 Ensorcelled Hibernation  Hex/Ice        #.....       32%         2    ###....
 Tukima's Dance           Hex            #.......     47%         3    ####...
 Dazzling Spray           Conj/Hex       #.....       54%         3    ####...


Dungeon Overview and Level Annotations

Branches:
Dungeon (4/15)
 Temple: D:4-7

Altars:


Innate Abilities, Weirdness & Mutations

You are very small and have problems with some larger weapons.
You are too small for most types of armour.
You have supernaturally acute eyesight. (SInv)
You are a herbivore.
You cover ground extremely quickly.
You need to consume almost no food.


Message History

Firing (i - inventory. (/) - cycle)
e - 21 poisoned needles (quivered)
Press: ? - help, Shift-Dir - straight line, f/p - iguana
Aim: an iguana (poisoned)
You shoot a poisoned needle. The poisoned needle hits the iguana.
The iguana looks even sicker.
Evoke which item? (* to show all) (? for menu, Esc to quit)
Aiming: Enslavement
Press: ? - help, Shift-Dir - straight line, f/p - iguana
Aim: an iguana (lightly wounded, poisoned, chance to defeat MR: 54%)
The iguana resists with significant effort.
The iguana closely misses you.
That item cannot be evoked!
Evoke which item? (* to show all) (? for menu, Esc to quit)
Aiming: Enslavement
Press: ? - help, Shift-Dir - straight line, f/p - iguana
Aim: an iguana (lightly wounded, poisoned, chance to defeat MR: 54%)
The iguana resists with significant effort.
The iguana bites you!
Ouch! That really hurt!
You die...

#...............##..##..##..
#........#.#.#.#*##....##*#.
#####.#..#.#...## ##..## ##.
#.####.#....## #..# ##..
######.#..........###..###...
#........##.##..#..........#.
#........#...#..#....l.....#.
#........#..l#.)..###..###...
#........#..@#...## #..# ##..
#..(.....#####..## *#..#* ##.
#...............##**....***#.
##......#######..##..##..**..
#........................,..
#...............######......
#...............# *,,,,,.
#...............# *,,,,,,
#######.........# *,,,,,,


You could see an iguana.

Vanquished Creatures
  A worker ant (D:4)
  4 gnolls (D:3)
  2 adders
  An adder skeleton (D:4)
  3 worms
  2 dart slugs (D:1)
  2 leopard geckos (D:2)
  3 giant cockroaches
  4 goblins
  3 hobgoblins
  10 jackals
  4 quokkas
  A ball python (D:4)
  6 bats
  3 frilled lizards
  11 kobolds
  2 rats
62 creatures vanquished.

Notes
Turn   | Place    | Note
-------+----------+-------------------------------------------
     0 | D:1      | chonchonts the Spriggan Assassin began the quest for the Orb.
     0 | D:1      | Reached XP level 1. HP: 10/10 MP: 2/2
   695 | D:1      | Reached skill level 6 in Stealth
   741 | D:1      | Reached XP level 2. HP: 1/14 MP: 3/3
  2159 | D:2      | Reached XP level 3. HP: 18/18 MP: 4/4
  2597 | D:2      | Reached skill level 7 in Stealth
  3113 | D:3      | Reached XP level 4. HP: 13/22 MP: 5/5
  3128 | D:3      | Reached skill level 8 in Stealth
  3758 | D:4      | Learned a level 3 spell: Confuse
  3952 | D:4      | Reached skill level 1 in Spellcasting
  3952 | D:4      | Reached skill level 1 in Hexes
  3952 | D:4      | Reached XP level 5. HP: 24/25 MP: 5/7
  4071 | D:4      | Slain by an iguana

Skill      XL: |  1  2  3  4 |
---------------+-------------+-----
Stealth        | 6 7 8 |  8.8
Dodging        | 2 |  2.8
Spellcasting   | 1 |  1.1
Hexes          | 1 |  1.1
Fighting       | |  1.5
Short Blades   | |  2.8
Throwing       | |  2.0

Action                   |  1- 3 |  4- 6 || total
-------------------------+-------+-------++-------
Melee: Dagger            |   123 |    54 ||   177
 Fire: Blowgun           |    28 |    11 ||    39
Evoke: Wand              |       |     3 ||     3
  Use: Scroll            |     4 |     5 ||     9
       Potion            |     1 |     3 ||     4
 Stab: Sleeping          |    10 |    11 ||    21
       Confused          |     2 |     2 ||     4
       Distracted        |     3 |       ||     3
Armor: Robe              |    26 |    10 ||    36
Dodge: Dodged            |   107 |    38 ||   145
